AoeStats
← cgho

Nomad

509304973Analyzed
4v4 RM · 6d ago on Sep 26, 2026· 51m 48s· 8 players
Game mode
Random Map
Map size
231×231
Population
200
Speed
Normal
Resources
Standard
Victory
Conquest
Starting age
Dark Age
Ending age
Imperial Age
RankedLock teamsTeams togetherTeam positionsShared explorationLock speedFull tech treeHidden civsTurbo modeCheats
Victory
Defeat
🇦🇺 Armenians · Australia
1431
+17
🇹🇼 Spanish · Taiwan
1388
+19
🇺🇸 Varangians · United States
1387
+19
🇭🇰 Mongols · Hong Kong SAR China
1329
+22
1477
-20
🇨🇳 Franks · China
1472
-20
🇨🇳 Danes · China
1441
-19
🇨🇳 Magyars · China
1420
-18
天線小號
3:53 Loom
13:17 Feudal Age
14:30 Town Watch
17:20 Castle Age
16:18 Double-Bit Axe
17:33 Gold Mining
19:12 Horse Collar
22:52 Padded Archer Armor
24:49 Leather Archer Armor
26:55 Bloodlines
26:45 Husbandry
29:42 Imperial Age
28:21 Bloodlines
31:16 Fletching
33:42 Ring Archer Armor
35:18 Bodkin Arrow
37:37 Wheelbarrow
41:36 Bracer
44:37 Hand Cart
44:13 Elite Conquistador
46:26 Scale Barding Armor
cgho
11:31 Feudal Age
12:08 Double-Bit Axe
13:25 Loom
15:54 Forging
21:01 Castle Age
19:33 Fletching
20:04 Stone Mining
20:05 Gold Mining
21:46 Bloodlines
25:36 Husbandry
30:21 Bodkin Arrow
36:06 Bow Saw
40:24 Ballistics
42:06 Wheelbarrow
49:33 Imperial Age
47:59 Thumb Ring
49:35 Padded Archer Armor
50:41 Conscription
50:23 Bracer
virttuallG
5:22 Loom
13:25 Feudal Age
17:32 Castle Age
15:53 Fishing Lines
22:26 Bloodlines
22:23 Fletching
35:23 Forging
36:56 Bodkin Arrow
38:49 Horse Collar
40:40 Scale Barding Armor
40:38 Husbandry
42:01 Wheelbarrow
42:13 Chain Barding Armor
42:29 Iron Casting
47:27 Imperial Age
45:17 Hand Cart
48:48 Plate Barding Armor
47:37 Elite Jarl
48:38 Conscription
49:35 Blast Furnace
48:46 Bracer
49:51 Gothikon
50:48 Gold Mining
50:44 Double-Bit Axe
51:05 Heavy Plow
50:52 Town Watch
52:19 Bow Saw
vectorJ
5:00 Loom
12:29 Feudal Age
18:27 Castle Age
17:04 Double-Bit Axe
17:41 Gold Mining
19:00 Fletching
20:19 Bow Saw
20:12 Padded Archer Armor
22:03 Town Watch
24:17 Bodkin Arrow
26:32 Wheelbarrow
28:07 Horse Collar
28:43 Leather Archer Armor
32:01 Imperial Age
30:02 Stone Mining
30:30 Hand Cart
30:57 Man-at-Arms
32:50 Ballistics
34:46 Bracer
36:09 Chemistry
35:06 Murder Holes
36:04 Gold Shaft Mining
38:32 Conscription
41:32 Ring Archer Armor
42:13 Heavy Plow
42:14 Scale Mail Armor
42:25 Forging
42:04 Gambesons
41:39 Long Swordsman
42:19 Squires
42:05 Arson
44:00 Hoardings
43:56 Two-Handed Swordsman
47:49 Chain Mail Armor
50:02 Champion
51:14 Plate Mail Armor
51:19 Iron Casting
50:33 Elite Composite Bowman
你可以打我队友吗
4:31 Loom
13:29 Feudal Age
17:37 Castle Age
16:36 Fishing Lines
17:27 Padded Archer Armor
19:55 Leather Archer Armor
19:40 Horse Collar
31:03 Bloodlines
33:45 Gold Mining
34:12 Heavy Plow
34:00 Double-Bit Axe
34:13 Town Watch
35:55 Husbandry
40:29 Imperial Age
40:36 Fletching
41:24 Wheelbarrow
41:47 Conscription
42:05 Ring Archer Armor
44:18 Ballistics
43:46 Elite Conquistador
45:35 Stone Mining
st9901544
5:49 Loom
13:48 Feudal Age
23:24 Castle Age
24:16 Bloodlines
32:29 Scale Barding Armor
37:11 Horse Collar
37:39 Town Watch
38:00 Husbandry
Kaiser Ze
4:21 Loom
14:01 Feudal Age
18:11 Castle Age
16:06 Double-Bit Axe
17:58 Wheelbarrow
19:53 Bow Saw
21:53 Horse Collar
37:40 Imperial Age
36:46 Forging
36:36 Scale Mail Armor
36:43 Gambesons
38:14 Scale Mail Armor
38:23 Squires
39:37 Gold Mining
39:39 Stone Mining
39:23 Hamask
40:25 Conscription
40:25 Hand Cart
41:34 Iron Casting
41:14 Chain Mail Armor
40:47 Arson
42:11 Gold Shaft Mining
44:59 Stone Shaft Mining
44:01 Elite Jomsviking
46:33 Blast Furnace
46:49 Plate Mail Armor
47:59 Town Watch
乌合之众
4:05 Loom
13:53 Feudal Age
20:32 Castle Age
25:29 Man-at-Arms
28:24 Medium Warships
27:57 Pikeman
40:39 Fletching
40:50 Padded Archer Armor
54:29 Imperial Age
Connection lost

Rejoining the realm…

Still unreachable

The connection could not be restored.

Session expired

The server has moved on; the page needs a fresh start.